 Dungeon Crawl Stone Soup version 0.20.1-1-g8b1a95d (webtiles) character file.

128 tmwrnj the Chopper (level 5, -1/46 HPs)
             Began as a Hill Orc Fighter on Oct 1, 2017.
             Slain by an adder (4 damage)
             ... on level 2 of the Dungeon.
             The game lasted 00:05:04 (2137 turns).

tmwrnj the Chopper (Hill Orc Fighter)               Turns: 2137, Time: 00:05:05

Health: -1/46      AC:  8    Str: 20    XL:     5   Next: 12%
Magic:  5/5        EV:  7    Int:  8    God:
Gold:   121        SH:  9    Dex: 10    Spells: 4/4 levels left

rFire    . . .     SeeInvis .   a - +0 war axe
rCold    . . .     Gourm    .   c - +0 shield
rNeg     . . .     Faith    .   b - +0 scale mail
rPois    .         Spirit   .   r - +0 helmet
rElec    .         Reflect  .   (no cloak)
rCorr    .         Harm     .   (no gloves)
MR       .....                  (no boots)
Stlth    ..........             (no amulet)
Regen    0.2/turn               (no ring)
MPRegen  0.1/turn               (no ring)

@: no status effects
A: no striking features
a: no special abilities


You were on level 2 of the Dungeon.
You were not hungry.

You visited 1 branch of the dungeon, and saw 3 of its levels.

You collected 121 gold pieces.

Inventory:

Hand Weapons
 a - a +0 war axe (weapon)
Armour
 b - a +0 scale mail (worn)
 c - a +0 shield (worn)
 l - a cursed +0 pair of gloves
 r - a +0 helmet (worn)
Scrolls
 e - a scroll of fear
 h - a scroll of immolation {unknown}
 i - a scroll of recharging {unknown}
 j - 2 scrolls of identify {unknown}
 m - a scroll of blinking {unknown}
 t - a scroll of magic mapping {unknown}
Potions
 d - a potion of might
 g - a potion of curing {unknown}
 n - 2 potions of flight {unknown}
 p - 2 potions of cancellation {unknown}
 q - a potion of brilliance {unknown}
Comestibles
 f - a bread ration
 k - a meat ration
 o - a fruit
 s - a chunk of flesh


   Skills:
 + Level 4.2 Fighting
 + Level 4.9 Axes
 + Level 4.0 Armour
 + Level 0.5 Dodging
 + Level 3.8 Shields


You had 4 spell levels left.
You didn't know any spells.

Dungeon Overview and Level Annotations

Branches:
Dungeon (3/15)

Altars:

Annotations:
D:2 Natasha
D:3 Grinder


Message History

You climb upwards.
There is a stone staircase leading down here.
You feel yourself speed up. The adder bites you but does no damage.
Natasha claws you but does no damage. You block the adder's attack.
You block the adder's attack.
A kobold comes into view.
The kobold shouts!
There is an open door here.
Natasha mumbles some strange words.
The adder bites you.
* * * LOW HITPOINT WARNING * * *
The kobold hits you but does no damage.
Natasha mewls in sadness.
The adder bites you but does no damage.
There is an open door here.
The adder closely misses you.
Natasha casts a spell.
The adder bites you.
You die...

#.# ####.##### #†#)### #.# #.#
#.#..# ##+## ##.## #.##.# ##...##
#...# #.##.# ##.....## ##...#
#.##.## ##.......## ##....#
##......
#........5####....########.......
'........5r..h............(......
#.........####KS@..#######.#...##
##.......## ##.##.# #.##..##
##.....## ####.# #....... ##..r##
#.# #####.## ##5## #.# ###.##
#####.# #.# #..... ...##.# #.#
#.#.## ##.##h######## #(# #.#.##
#.#...#.....# #.# #.#.##


You could see Natasha, a crimson imp, an adder, a shadow imp, a kobold and a
rat.

Vanquished Creatures
  Natasha (D:3)
  Robin (D:2)
  An adder (D:3)
  A worm (D:2)
  5 dart slugs
  A leopard gecko (D:1)
  4 orcs
  3 giant cockroaches (D:1)
  13 goblins
  6 hobgoblins
  3 jackals
  7 bats
  4 frilled lizards
  7 kobolds
  11 rats
68 creatures vanquished.

Notes
Turn   | Place    | Note
-------+----------+-------------------------------------------
     0 | D:1      | tmwrnj the Hill Orc Fighter began the quest for the Orb.
     0 | D:1      | Reached XP level 1. HP: 19/19 MP: 1/1
    69 | D:1      | Reached XP level 2. HP: 25/27 MP: 2/2
   371 | D:1      | Reached XP level 3. HP: 28/33 MP: 3/3
  1252 | D:2      | Noticed Robin
  1282 | D:2      | Reached XP level 4. HP: 18/40 MP: 4/4
  1283 | D:2      | Killed Robin
  1928 | D:3      | Noticed Grinder
  2069 | D:3      | Noticed Natasha
  2076 | D:3      | Killed Natasha
  2076 | D:3      | Reached XP level 5. HP: 27/46 MP: 5/5
  2100 | D:3      | Noticed Natasha
  2127 | D:2      | HP: 1/46 [adder (4)]
  2137 | D:2      | Slain by an adder

Skill      XL: |  1  2  3  4 |
---------------+-------------+-----
Axes           | 3 4 |  4.9
Fighting       | 4 |  4.2
Armour         | 4 |  4.0
Dodging        | |  0.5
Shields        | |  3.8

Action                   |  1- 3 |  4- 6 || total
-------------------------+-------+-------++-------
Melee: War axe           |   120 |    56 ||   176
  Use: Scroll            |       |     1 ||     1
  Eat: Chunk             |     1 |     3 ||     4
Armor: Scale mail        |    67 |    41 ||   108
Dodge: Dodged            |    52 |    29 ||    81
Block: Shield            |    76 |    45 ||   121
